[Event "Titled Tuesday Blitz August 02 Early 2022"]
[White "Molina, Roberto Junio Brito"]
[Black "Aggelis, Nikolaos"]
[WhiteFideId "2109450"]
[BlackFideId "4213220"]
[WhiteElo "2432"]
[BlackElo "2154"]
[Result "1/2-1/2"]
[Round "02"]
[TimeControl "180+1"]
[Date "2022.08.02"]
[WhiteClock "0:00:24"]
[BlackClock "0:00:20"]

1. d4 Nf6 2. e3 d5 3. Nf3 g6 4. Be2 Bg7 5. O-O O-O 6. b4 c5 7. bxc5 Ne4 8. c3 b6 9. cxb6 axb6 10. Nfd2 Nd6 11. Qb3 e6 12. c4 dxc4 13. Nxc4 Nxc4 14. Bxc4 Nc6 15. Ba3 Na5 16. Qd3 Nxc4 17. Bxf8 Qxf8 18. Qxc4 Ba6 19. Qc3 Bxf1 20. Kxf1 Qd6 21. Kg1 e5 22. Nd2 exd4 23. Qd3 Rd8 24. e4 Ra8 25. g3 Qa3 26. Nb3 Qb2 27. a4 Qc3 28. Qxc3 dxc3 29. Ra2 h5 30. Kf1 Bf8 31. Ke2 Rd8 32. a5 bxa5 33. Nxa5 Ra8 34. Ra1 c2 35. Rc1 Rxa5 36. Rxc2 Rb5 37. f4 Bc5 38. Kf3 Rb3+ 39. Kg2 Bd4 40. Rc4 Bc3 41. e5 Rb2+ 42. Kf3 Ba5 43. Rc6 Rb6 44. Rc5 Bb4 45. Rc4 Kg7 46. h3 Rb5 47. g4 hxg4+ 48. hxg4 Ba5 49. Rc6 Rb6 50. Rc5 Ra6 51. f5 gxf5 52. gxf5 Bd8 53. Rd5 Bg5 54. Rd7 Kf8 55. Kg4 Bh6 56. f6 Kg8 57. Kf5 Bf8 58. Rd8 Ra1 59. Rc8 Rf1+ 60. Ke4 Re1+ 61. Kf5 Rf1+ 62. Ke4 Re1+ 63. Kf5 Rd1 64. Ra8 Re1 65. Rc8 1/2-1/2


[Site "https://www.chess.com"]

[Event "Titled Tuesday Blitz August 02 Early 2022"]
[White "Navarrete Mendez, Gonzalo Alberto"]
[Black "Boros, Denes"]
[WhiteFideId "5106850"]
[BlackFideId "722340"]
[WhiteElo "2261"]
[BlackElo "2464"]
[Result "1-0"]
[Round "02"]
[TimeControl "180+1"]
[Date "2022.08.02"]
[WhiteClock "0:00:53"]
[BlackClock "0:01:01"]

1. e4 c6 2. Nc3 d5 3. Nf3 dxe4 4. Nxe4 Bf5 5. Ng3 g6 6. Nxf5 gxf5 7. d4 Nf6 8. Bc4 Nbd7 9. Qe2 Nb6 10. Bb3 e6 11. c3 Qc7 12. Ne5 Bd6 13. Bg5 Ne4 14. Bf4 O-O-O 15. f3 Nf6 16. Bg5 Nbd5 17. Bxd5 Nxd5 18. Bxd8 Rxd8 19. O-O-O Rg8 20. g3 f4 21. Rdg1 c5 22. Kb1 Bxe5 23. Qxe5 Qxe5 24. dxe5 Rd8 25. gxf4 Nxf4 26. Rg7 Rd2 27. Rxf7 Nd3 28. Rg1 Rd1+ 1-0


[Site "https://www.chess.com"]

[Event "Titled Tuesday Blitz August 02 Early 2022"]
[White "Ohanyan, Emin"]
[Black "Jaskolka, Tomasz"]
[WhiteFideId "13312022"]
[BlackFideId "1170791"]
[WhiteElo "1927"]
[BlackElo "2073"]
[Result "1-0"]
[Round "02"]
[TimeControl "180+1"]
[Date "2022.08.02"]
[WhiteClock "0:00:06"]
[BlackClock "0:00:03"]

1. e4 c5 2. Nf3 e6 3. d4 cxd4 4. Nxd4 Nc6 5. Nc3 Qc7 6. Ndb5 Qb8 7. Be3 a6 8. Bb6 axb5 9. Nxb5 Bb4+ 10. c3 Ba5 11. Nd6+ Kf8 12. Bc5 Nge7 13. Qh5 Nd8 14. Bb5 b6 15. Ba3 Bxc3+ 16. bxc3 Rxa3 17. Rd1 Rxa2 18. O-O Ra5 19. c4 Ba6 20. Qf3 Bxb5 21. cxb5 h5 22. Nc4 Rxb5 23. Rxd7 Ndc6 24. Rfd1 Rh6 25. Nd6 Ne5 26. Qa3 Ra5 27. Nc8 Nxd7 28. Qxe7+ Kg8 29. Qxd7 Rf6 30. Nd6 Qa8 31. Ne8 Rf4 32. g3 Rxe4 33. Nc7 Qb7 34. Qd8+ Kh7 35. Ne8 Re2 36. Nd6 Qc6 37. Nxf7 Qf3 38. Ng5+ Kg6 39. Nxf3 Raa2 40. Nh4+ Kh7 41. Qd3+ Kh6 42. Qg6# 1-0


[Site "https://www.chess.com"]

[Event "Titled Tuesday Blitz August 02 Early 2022"]
[White "Oparin, Grigoriy"]
[Black "Barria Zuniga, Daniel"]
[WhiteFideId "24125890"]
[BlackFideId "3400816"]
[WhiteElo "2639"]
[BlackElo "2414"]
[Result "1-0"]
[Round "02"]
[TimeControl "180+1"]
[Date "2022.08.02"]
[WhiteClock "0:00:17"]
[BlackClock "0:00:05"]

1. e4 c5 2. Nf3 e6 3. d4 cxd4 4. Nxd4 a6 5. Nc3 Qc7 6. Be3 Nf6 7. Qf3 Bb4 8. Bd2 Nc6 9. Nxc6 bxc6 10. Qg3 Qxg3 11. hxg3 Rb8 12. Bd3 d5 13. O-O-O Ng4 14. Rdf1 Bc5 15. Nd1 Ke7 16. Rh4 Ne5 17. Be2 Ng6 18. Rh5 Bd6 19. Bc3 f6 20. Bd3 Ne5 21. Rfh1 h6 22. f4 Nxd3+ 23. cxd3 Kf7 24. Re1 Bd7 25. Ne3 Rb5 26. Nc2 dxe4 27. Rxb5 axb5 28. dxe4 e5 29. Rd1 Ke7 30. Bb4 c5 31. Bd2 Bc6 32. Re1 Ra8 33. a3 Ra4 34. b4 cxb4 35. Bxb4 Bxb4 36. Nxb4 Bb7 37. Kb2 Ra8 38. Nd3 Kd6 39. Rd1 Kc7 40. fxe5 fxe5 41. Nxe5 Re8 42. Rc1+ Kd6 43. Nf3 Bxe4 44. Re1 Bc6 45. Rxe8 Bxe8 46. Kc3 Bc6 47. Nd4 Bxg2 48. Nxb5+ Kc5 49. Nd4 g5 50. Kd3 Kd5 51. Ke3 Ke5 52. a4 h5 53. a5 h4 54. g4 h3 55. Nf3+ Kd6 56. Kf2 Bxf3 57. Kxf3 Kc6 58. Kg3 Kb5 59. Kxh3 Kxa5 60. Kg3 Kb6 61. Kf3 Kc5 62. Ke4 Kd6 63. Kf5 Ke7 64. Kxg5 Kf7 65. Kh6 Kg8 66. Kg6 Kf8 67. Kh7 Kf7 68. g5 1-0


[Site "https://www.chess.com"]

[Event "Titled Tuesday Blitz August 02 Early 2022"]
[White "Rodchenkov, Sergey D."]
[Black "Alekseenko, Kirill"]
[WhiteFideId "4168712"]
[BlackFideId "4135539"]
[WhiteElo "2293"]
[BlackElo "2682"]
[Result "0-1"]
[Round "02"]
[TimeControl "180+1"]
[Date "2022.08.02"]
[WhiteClock "0:02:53"]
[BlackClock "0:02:50"]

1. e4 Nc6 2. d4 d5 3. e5 Bf5 4. c3 e6 5. Bd3 Nge7 6. h4 h5 7. Bg5 Qd7 8. Ne2 Bxd3 9. Qd2 Bxe2 10. Qxe2 Nf5 11. f3 Ng3 0-1


[Site "https://www.chess.com"]

[Event "Titled Tuesday Blitz August 02 Early 2022"]
[White "Sarana, Alexey"]
[Black "Nguyen, Quoc Hy"]
[WhiteFideId "24133795"]
[BlackFideId "12410853"]
[WhiteElo "2666"]
[BlackElo "1938"]
[Result "1-0"]
[Round "02"]
[TimeControl "180+1"]
[Date "2022.08.02"]
[WhiteClock "0:01:31"]
[BlackClock "0:00:23"]

1. c4 e5 2. g3 Nf6 3. Bg2 d5 4. cxd5 Nxd5 5. Nc3 Nb6 6. d3 Be7 7. Be3 O-O 8. Rc1 Be6 9. Bxb7 N8d7 10. Bxa8 Qxa8 11. Nf3 f5 12. Nb5 Nd5 13. Nxc7 Nxc7 14. Rxc7 f4 15. gxf4 exf4 16. Bd4 Bb4+ 17. Bc3 Bd6 18. Rg1 Rf7 19. Ng5 Bxc7 20. Nxe6 Be5 21. Ng5 Bxc3+ 22. bxc3 Rf5 23. Qb3+ Qd5 24. Ne6 Kf7 25. Qxd5 Rxd5 26. Nxf4 Ra5 27. Kd2 Rxa2+ 28. Ke3 a5 29. Rb1 g5 30. Nd5 Ke6 31. c4 a4 32. Rb7 a3 33. Ra7 Ra1 34. Nc7+ Kd6 35. Nb5+ Ke6 36. Rxa3 Rh1 37. Ra6+ Kf5 38. Rh6 Nf6 39. Nd4+ Ke5 40. f3 g4 41. f4+ Kd6 42. Rxf6+ Kd7 43. Rf7+ Kc8 44. Rxh7 g3 45. hxg3 Rxh7 46. g4 Kd7 47. g5 Re7+ 48. Kf3 Ke8 49. e4 Rd7 50. Ke3 Kf7 51. e5 Ra7 52. Ke4 Kg6 53. Ne6 Ra4 54. f5+ Kf7 55. g6+ Ke7 56. g7 Ra8 57. Ng5 1-0


[Site "https://www.chess.com"]

[Event "Titled Tuesday Blitz August 02 Early 2022"]
[White "Seo, Jung Min"]
[Black "Volkov, Maksim"]
[WhiteFideId "1734687"]
[BlackFideId "54123070"]
[WhiteElo "2414"]
[BlackElo "2155"]
[Result "1-0"]
[Round "02"]
[TimeControl "180+1"]
[Date "2022.08.02"]
[WhiteClock "0:01:10"]
[BlackClock "0:00:25"]

1. e4 c5 2. Nf3 d6 3. Bb5+ Nd7 4. d4 cxd4 5. Nxd4 a6 6. Bd3 e6 7. O-O Ngf6 8. c4 Qc7 9. Nc3 b6 10. Re1 Bb7 11. b3 g6 12. Bb2 Bg7 13. Rc1 O-O 14. Bb1 Rac8 15. Qd2 Qb8 16. Rcd1 Rfd8 17. f3 Kh8 18. Kh1 Qa8 19. Qf2 Nh5 20. Nde2 Qb8 21. Na4 Bxb2 22. Nxb2 Kg8 23. Nd3 b5 24. cxb5 axb5 25. Nb4 Ne5 26. Qd4 h6 27. Qd2 Kh7 28. Nd4 Qa7 29. Nxb5 Qb6 30. a4 g5 31. Nd3 Ng6 32. Qe3 Qa5 33. e5 d5 34. Nd6 Rc7 35. f4 g4 36. Nf2 Kg7 37. Bxg6 fxg6 38. Nxg4 Rc2 39. Nxb7 1-0


[Site "https://www.chess.com"]

[Event "Titled Tuesday Blitz August 02 Early 2022"]
[White "Shimanov, Aleksandr"]
[Black "Costachi, Mihnea"]
[WhiteFideId "4198603"]
[BlackFideId "1217518"]
[WhiteElo "2605"]
[BlackElo "2477"]
[Result "1-0"]
[Round "02"]
[TimeControl "180+1"]
[Date "2022.08.02"]
[WhiteClock "0:00:25"]
[BlackClock "0:00:15"]

1. e4 e5 2. Nf3 Nf6 3. Nc3 Nc6 4. h3 Bb4 5. Nd5 Bc5 6. c3 d6 7. d4 exd4 8. cxd4 Nxd5 9. exd5 Bb4+ 10. Ke2 O-O 11. dxc6 bxc6 12. Qa4 a5 13. a3 Re8+ 14. Kd1 Bb7 15. Qc2 c5 16. axb4 cxb4 17. Be2 c5 18. Be3 Be4 19. Bd3 Bxf3+ 20. gxf3 Qf6 21. Bxh7+ Kh8 22. Be4 d5 23. Bxd5 Rad8 24. Be4 cxd4 25. Bd2 d3 26. Qc6 Re6 27. Qc5 Re5 28. Qc4 Rde8 29. Re1 Qe7 30. Be3 f5 31. Bxd3 Rd8 32. Ke2 Rc5 33. Qxc5 Qd7 34. Rad1 f4 35. Qh5+ Kg8 36. Bc4+ 1-0


[Site "https://www.chess.com"]

[Event "Titled Tuesday Blitz August 02 Early 2022"]
[White "Sjugirov, Sanan"]
[Black "Sadubayev, Airat"]
[WhiteFideId "4189302"]
[BlackFideId "13713264"]
[WhiteElo "2609"]
[BlackElo "2163"]
[Result "1-0"]
[Round "02"]
[TimeControl "180+1"]
[Date "2022.08.02"]
[WhiteClock "0:01:26"]
[BlackClock "0:00:52"]

1. e4 e5 2. Nf3 Nc6 3. Bb5 a6 4. Ba4 Nf6 5. O-O b5 6. Bb3 Bc5 7. d3 O-O 8. a3 h6 9. Nc3 d6 10. h3 Be6 11. Bxe6 fxe6 12. Be3 Bxe3 13. fxe3 Nh5 14. Kh2 Qf6 15. g4 Nf4 16. exf4 exf4 17. d4 e5 18. Nd5 Qf7 19. c3 h5 20. g5 Kh8 21. dxe5 dxe5 22. Nh4 g6 23. Nf3 Rad8 24. Qe2 Qe6 25. Rad1 1-0


[Site "https://www.chess.com"]

[Event "Titled Tuesday Blitz August 02 Early 2022"]
[White "Steinberg, Nitzan"]
[Black "Concio, Michael Jr."]
[WhiteFideId "2801795"]
[BlackFideId "5217873"]
[WhiteElo "2471"]
[BlackElo "1896"]
[Result "0-1"]
[Round "02"]
[TimeControl "180+1"]
[Date "2022.08.02"]
[WhiteClock "0:00:03"]
[BlackClock "0:00:06"]

1. d4 Nf6 2. Nf3 b6 3. c4 e6 4. a3 Bb7 5. Nc3 c5 6. d5 exd5 7. cxd5 d6 8. g3 g6 9. Bg2 Bg7 10. O-O O-O 11. a4 Nbd7 12. Nd2 Re8 13. e4 Ne5 14. Qc2 Qd7 15. h3 Ba6 16. Re1 Nd3 17. Re3 Nb4 18. Qb3 Bh6 19. f4 g5 20. Nc4 Bxc4 21. Qxc4 Nc2 22. Rf3 gxf4 23. Bxf4 Bxf4 24. Rxf4 Nh5 25. Rg4+ Kh8 26. Rg5 Rg8 27. Rxh5 Rxg3 28. Qe2 Ne3 29. Kh1 Nxg2 30. Kh2 Rag8 31. Rf1 Ne3 32. Rf2 Rg2+ 33. Kh1 Rg1+ 34. Kh2 R8g2+ 35. Rxg2 Rxg2+ 36. Qxg2 Nxg2 37. Kxg2 Qe7 38. Rf5 Qh4 39. Rxf7 Qg5+ 40. Kf1 Qc1+ 41. Kf2 Qxb2+ 42. Ne2 Qe5 43. Rxa7 Qxe4 44. Ra8+ Kg7 45. Ng3 Qxd5 46. Ra7+ Kg6 47. Re7 Qa2+ 48. Kf3 Kf6 49. Re3 Qd5+ 50. Ne4+ Kf5 51. h4 c4 52. h5 h6 53. a5 bxa5 54. Ke2 Qxe4 55. Rxe4 Kxe4 0-1


[Site "https://www.chess.com"]

[Event "Titled Tuesday Blitz August 02 Early 2022"]
[White "Taboas Rodriguez, Daniel"]
[Black "Aditya Mittal"]
[WhiteFideId "2208466"]
[BlackFideId "35042025"]
[WhiteElo "2429"]
[BlackElo "2303"]
[Result "1-0"]
[Round "02"]
[TimeControl "180+1"]
[Date "2022.08.02"]
[WhiteClock "0:00:10"]
[BlackClock "0:00:02"]

1. d4 Nf6 2. Nf3 d5 3. c4 e6 4. Nc3 c6 5. Bg5 h6 6. Bxf6 Qxf6 7. e3 g6 8. Rc1 Bg7 9. Bd3 O-O 10. O-O Qd8 11. Qe2 Nd7 12. Rfd1 f5 13. b4 Qe7 14. b5 dxc4 15. Bxc4 c5 16. d5 Nb6 17. d6 Qf6 18. e4 Bd7 19. a4 g5 20. e5 Qf7 21. Nd2 Rae8 22. a5 Nd5 23. Ba2 Nf4 24. Qe3 Rc8 25. Nc4 Ng6 26. Re1 f4 27. Qe4 Rb8 28. Bb1 Kh7 29. h4 gxh4 30. Rcd1 h5 31. Rd3 Qf5 32. Rh3 Qxe4 33. Bxe4 Kh6 34. Bxg6 Kxg6 35. Rxh4 Rf5 36. Re4 Kg5 37. g3 fxg3 38. fxg3 Rbf8 39. b6 a6 40. Re2 Rf1+ 41. Kg2 Bc6+ 42. Ne4+ Kg6 43. Rf4 R1xf4 44. gxf4 Rxf4 45. Nd2 Bxe5 46. Kh3 Bxe4 47. Rxe4 Rxe4 48. Nxe4 c4 49. d7 Kf5 50. d8=Q Kxe4 51. Qc8 c3 52. Qxb7+ Kd3 53. Qc6 c2 54. b7 h4 55. Qf3+ Kd2 56. Qf2+ Kd3 57. Qe1 Bf4 58. Qf1+ Ke3 59. Qxf4+ Kxf4 60. b8=Q+ Ke3 61. Qb2 Kd2 62. Qd4+ Kc1 63. Kxh4 Kb1 64. Qb4+ Ka2 65. Qc3 Kb1 66. Qb3+ Kc1 67. Kg3 e5 68. Kf2 Kd2 69. Qb4+ Kd1 70. Qd6+ Kc1 71. Qxa6 e4 72. Ke2 e3 73. Qd3 Kb1 74. Qxc2+ Kxc2 75. a6 1-0


[Site "https://www.chess.com"]

[Event "Titled Tuesday Blitz August 02 Early 2022"]
[White "Vasquez Schroeder, Rodrigo"]
[Black "Piesik, Piotr"]
[WhiteFideId "3400042"]
[BlackFideId "1136194"]
[WhiteElo "2567"]
[BlackElo "2242"]
[Result "1-0"]
[Round "02"]
[TimeControl "180+1"]
[Date "2022.08.02"]
[WhiteClock "0:02:23"]
[BlackClock "0:02:29"]

1. e4 g6 2. d4 Bg7 3. Nf3 c6 4. h3 d6 5. c4 Nf6 6. Nc3 O-O 7. g3 a6 8. Bg2 b5 9. e5 Ne8 10. cxb5 axb5 11. O-O Bb7 12. Re1 Nc7 13. Bg5 h6 14. exd6 hxg5 15. dxe7 Qd6 16. exf8=Q+ Qxf8 17. Nxg5 Nd7 18. d5 1-0


[Site "https://www.chess.com"]

[Event "Titled Tuesday Blitz August 02 Early 2022"]
[White "Wu, Rochelle"]
[Black "Nakamura, Hikaru"]
[WhiteFideId "30908132"]
[BlackFideId "2016192"]
[WhiteElo "2168"]
[BlackElo "2850"]
[Result "0-1"]
[Round "02"]
[TimeControl "180+1"]
[Date "2022.08.02"]
[WhiteClock "0:00:20"]
[BlackClock "0:01:58"]

1. d4 g6 2. c4 Bg7 3. Nc3 c5 4. Nf3 Nc6 5. d5 Na5 6. e4 d6 7. Bd2 Nf6 8. Bd3 Bg4 9. h3 Bxf3 10. Qxf3 Nd7 11. Qe2 O-O 12. O-O e6 13. Bc2 exd5 14. exd5 Re8 15. Be3 Ne5 16. Bd3 Qh4 17. Kh2 Nxd3 18. Qxd3 Qxc4 19. Qd2 Qb4 20. Rab1 Nc4 21. Qc1 Nxe3 22. fxe3 Qh4 23. Rf3 a6 24. Qc2 b5 25. Rbf1 Ra7 26. Ne2 Qe4 27. Qd2 Qe5+ 28. Kh1 Qxb2 0-1


[Site "https://www.chess.com"]

[Event "Titled Tuesday Blitz August 02 Early 2022"]
[White "Xu, Yi"]
[Black "Jarmula, Lukasz"]
[WhiteFideId "8605564"]
[BlackFideId "1160664"]
[WhiteElo "2471"]
[BlackElo "2246"]
[Result "1-0"]
[Round "02"]
[TimeControl "180+1"]
[Date "2022.08.02"]
[WhiteClock "0:01:04"]
[BlackClock "0:01:17"]

1. e4 c5 2. Nf3 e6 3. d4 cxd4 4. Nxd4 Nc6 5. Nc3 Nf6 6. Nxc6 bxc6 7. e5 Nd5 8. Ne4 Qc7 9. f4 Qb6 10. c4 Bb4+ 11. Ke2 f5 12. Nf2 Ne7 13. Be3 Bc5 14. Bxc5 Qxc5 15. Kf3 Ba6 16. b3 Rd8 17. Qd6 Qb6 18. Nd3 Nc8 19. Qc5 Bb7 20. Qxb6 axb6 21. c5 bxc5 22. Nxc5 Ba8 23. Bc4 Nb6 24. Rhd1 Ke7 25. Rd6 Nd5 26. Bxd5 cxd5 27. Ke3 Rhg8 28. h4 h6 29. g3 Bc6 30. b4 Rb8 31. a3 Rgc8 32. Kd4 Ra8 33. a4 Rcb8 34. Kc3 Rc8 35. a5 Bb5 36. Rb6 Bc6 37. Kd4 Rcb8 38. Rxb8 Rxb8 39. Kc3 d4+ 40. Kb3 Bd5+ 41. Ka4 Bc6+ 42. Kb3 Bd5+ 43. Ka3 d6 44. exd6+ Kxd6 45. Rd1 e5 46. fxe5+ 1-0


[Site "https://www.chess.com"]

[Event "Titled Tuesday Blitz August 02 Early 2022"]
[White "Zou, Chen"]
[Black "Kamsky, Gata"]
[WhiteFideId "8610959"]
[BlackFideId "2000024"]
[WhiteElo "2276"]
[BlackElo "2645"]
[Result "0-1"]
[Round "02"]
[TimeControl "180+1"]
[Date "2022.08.02"]
[WhiteClock "0:00:04"]
[BlackClock "0:00:31"]

1. d4 Nf6 2. c4 e6 3. Nf3 b6 4. g3 a5 5. Bg2 Ba6 6. Nbd2 c6 7. O-O d5 8. b3 Nbd7 9. Bb2 Bb4 10. a3 Be7 11. Qc2 O-O 12. e4 Rc8 13. e5 Ne8 14. Rfd1 Nc7 15. Rac1 Qe8 16. Qb1 f6 17. exf6 Bxf6 18. Re1 Qh5 19. h4 c5 20. cxd5 exd5 21. Bh3 Rcd8 22. Kg2 Bb7 23. Qf5 Qxf5 24. Bxf5 Nb5 25. Be6+ Kh8 26. Ne5 Bxe5 27. dxe5 Rfe8 28. Bxd7 Rxd7 29. f4 h5 30. Kf2 Kg8 31. a4 Nc7 32. Nf3 g6 33. Ng5 Ne6 34. Nf3 d4 35. Nd2 Bd5 36. Nc4 Rb8 37. Ba3 Ng7 38. Rb1 Be6 39. Rec1 Nf5 40. Rb2 Kf7 41. Rbb1 Bd5 42. Rb2 Ke6 43. Rbb1 Ra7 44. Rb2 Ra6 45. Rbb1 b5 46. axb5 Rxb5 47. Nd6 Nxd6 48. exd6 Kxd6 49. Rb2 Rc6 50. Rbc2 Bxb3 51. Rd2 Kd5 52. Re1 Re6 53. Rxe6 Kxe6 54. Kf3 Bd5+ 55. Kf2 Be4 56. Ke2 Kd5 57. Bb2 Rb3 0-1


[Site "https://www.chess.com"]

[Event "Titled Tuesday Blitz August 02 Early 2022"]
[White "Aggelis, Nikolaos"]
[Black "Zhigalko, Sergei"]
[WhiteFideId "4213220"]
[BlackFideId "13502956"]
[WhiteElo "2154"]
[BlackElo "2662"]
[Result "0-1"]
[Round "03"]
[TimeControl "180+1"]
[Date "2022.08.02"]
[WhiteClock "0:00:01"]
[BlackClock "0:00:05"]

1. d4 Nf6 2. g3 d5 3. Nf3 Bf5 4. c4 e6 5. Qb3 Nc6 6. cxd5 Nb4 7. Na3 Qxd5 8. Qxd5 exd5 9. Bg2 c6 10. O-O Bd6 11. Bd2 O-O 12. Ne5 Rfe8 13. f4 Ne4 14. Bxe4 Bxe4 15. Kf2 f6 16. Nf3 Re7 17. Rfc1 Rae8 18. Ne1 h5 19. e3 g5 20. Nb1 Kh7 21. Nc3 Nd3+ 22. Nxd3 Bxd3 23. h4 Kg6 24. hxg5 fxg5 25. Rh1 Bf5 26. Rag1 Bg4 27. Rg2 Rf7 28. Ne2 Re4 29. Ng1 c5 30. dxc5 Bxc5 31. Nf3 gxf4 32. gxf4 Rfxf4 33. Rg3 Rf8 34. Kg2 Bd6 35. Nh4+ Kh7 36. Nf3 Rg8 37. Rxh5+ Bxh5 38. Ng5+ Rxg5 39. Rxg5 Re5 40. Rg3 Rf5 41. Rh3 Kg6 42. Bc3 Be5 43. Bd4 Bxd4 44. exd4 Rf4 45. Rc3 Rxd4 46. Rc7 Rb4 47. Kg3 Rxb2 48. Kf4 Kf6 49. Rh7 Rb4+ 50. Ke3 Bg6 51. Rh8 d4+ 52. Kd2 Rb2+ 53. Kc1 Rxa2 54. Rd8 Ke5 55. Rd7 Be4 56. Re7+ Kf4 57. Rd7 Ke3 58. Rh7 d3 59. Rh3+ Kd4 60. Rh8 Rc2+ 61. Kb1 d2 62. Rd8+ Ke3 63. Rd7 Rc7+ 0-1


[Site "https://www.chess.com"]

[Event "Titled Tuesday Blitz August 02 Early 2022"]
[White "Alekseenko, Kirill"]
[Black "Koelle, Tobias"]
[WhiteFideId "4135539"]
[BlackFideId "16207378"]
[WhiteElo "2682"]
[BlackElo "2541"]
[Result "1-0"]
[Round "03"]
[TimeControl "180+1"]
[Date "2022.08.02"]
[WhiteClock "0:00:22"]
[BlackClock "0:00:14"]

1. d4 Nf6 2. Nc3 d5 3. Bf4 Bf5 4. e3 e6 5. f3 Bd6 6. Nge2 c5 7. g4 Bg6 8. h4 h5 9. g5 Ng8 10. Nb5 Bxf4 11. Nxf4 Ne7 12. dxc5 O-O 13. c3 Nd7 14. Nxg6 fxg6 15. b4 Qb8 16. f4 e5 17. Bh3 exf4 18. Bxd7 fxe3 19. Nd6 b6 20. Qb3 bxc5 21. bxc5 Qc7 22. Be6+ Kh7 23. Qa3 Rab8 24. Rh2 Qc6 25. O-O-O Rf2 26. Rxf2 exf2 27. Rf1 d4 28. cxd4 Qg2 29. Bh3 Qh2 30. Qf3 Nd5 31. Bf5 Qxh4 32. Qxd5 Qf4+ 33. Kc2 Qe3 34. Bxg6+ Kh8 35. Nf7+ Kg8 36. Ne5+ Kh8 37. Nf7+ Kg8 38. Nh6+ Kh8 39. Qg8+ Rxg8 40. Nf7# 1-0


[Site "https://www.chess.com"]

[Event "Titled Tuesday Blitz August 02 Early 2022"]
[White "Alexiadis, Hristos"]
[Black "Jubin Jimmy"]
[WhiteFideId "4249623"]
[BlackFideId "46686614"]
[WhiteElo "2416"]
[BlackElo "2219"]
[Result "1-0"]
[Round "03"]
[TimeControl "180+1"]
[Date "2022.08.02"]
[WhiteClock "0:00:38"]
[BlackClock "0:00:14"]

1. d4 Nf6 2. c4 e6 3. g3 Bb4+ 4. Bd2 Bxd2+ 5. Qxd2 d5 6. Bg2 O-O 7. Nf3 Qe7 8. O-O Rd8 9. Qc2 c5 10. cxd5 cxd4 11. Nxd4 Nxd5 12. Rd1 Bd7 13. Nc3 Nb4 14. Qb3 Bc6 15. Nxc6 N8xc6 16. a3 Na6 17. Bxc6 bxc6 18. Qc4 Qb7 19. b4 Nc7 20. Ne4 Nd5 21. Nc5 Qb5 22. Rac1 h6 23. Nb3 Nb6 24. Qc2 Qa4 25. Rxd8+ Rxd8 26. Qb2 Qb5 27. Nd4 Qe5 28. e3 Nd5 29. Qb3 Ne7 30. Qa4 Qe4 31. Qxa7 Ng6 32. Qb6 Rd5 33. Qxc6 Ne5 34. Qc8+ Kh7 35. Qc2 Rxd4 36. exd4 Nf3+ 37. Kh1 1-0


[Site "https://www.chess.com"]

[Event "Titled Tuesday Blitz August 02 Early 2022"]
[White "Bekturov, Tamerlan"]
[Black "Ohanyan, Emin"]
[WhiteFideId "13710184"]
[BlackFideId "13312022"]
[WhiteElo "2128"]
[BlackElo "1927"]
[Result "0-1"]
[Round "03"]
[TimeControl "180+1"]
[Date "2022.08.02"]
[WhiteClock "0:01:14"]
[BlackClock "0:01:03"]

1. d4 Nf6 2. c4 e6 3. Nc3 Bb4 4. Nf3 d5 5. cxd5 exd5 6. Bg5 h6 7. Bh4 Bf5 8. e3 O-O 9. Bd3 Bxd3 10. Qxd3 Nbd7 11. O-O c6 12. a3 Be7 13. b4 a6 14. Na4 Ne4 15. Bxe7 Qxe7 16. Nc5 Nd6 17. Nxd7 Qxd7 18. Ne5 Qe6 19. a4 Nc4 20. f4 f6 21. Ng6 Rfe8 22. Rf3 Qe4 23. Qxe4 Rxe4 24. Kf2 Rae8 25. Re1 Nb2 26. Ra1 Nd3+ 27. Ke2 Nxb4 28. Rb1 Rxd4 0-1


[Site "https://www.chess.com"]

[Event "Titled Tuesday Blitz August 02 Early 2022"]
[White "Bortnyk, Olexandr"]
[Black "Samunenkov, Ihor"]
[WhiteFideId "14120828"]
[BlackFideId "14187086"]
[WhiteElo "2723"]
[BlackElo "2409"]
[Result "1-0"]
[Round "03"]
[TimeControl "180+1"]
[Date "2022.08.02"]
[WhiteClock "0:00:09"]
[BlackClock "0:00:02"]

1. d4 Nf6 2. Nc3 d5 3. Bf4 e6 4. Nb5 Na6 5. e3 Be7 6. Nf3 O-O 7. Ne5 c6 8. Nc3 Qa5 9. Bd3 c5 10. O-O Nb4 11. Be2 Nc6 12. a3 cxd4 13. exd4 Bd7 14. b4 Qd8 15. Re1 Rc8 16. Nxc6 Rxc6 17. Na4 b6 18. Ba6 Bd6 19. b5 Bxf4 20. bxc6 Bxc6 21. Nc3 Qb8 22. g3 Bd6 23. Bd3 Rc8 24. Ne2 Ba4 25. Qd2 Qc7 26. Rec1 b5 27. Qe3 a6 28. Kg2 Qe7 29. Nf4 g6 30. Re1 Kg7 31. h4 Bxf4 32. Qxf4 h5 33. Re2 Rc3 34. Rae1 Rxa3 35. Qg5 Ng8 36. Qe5+ Nf6 37. f4 Kg8 38. f5 gxf5 39. Bxf5 Rc3 40. Qf4 Qc7 41. Qg5+ Kf8 42. Bxe6 Ne4 43. Rxe4 dxe4 44. Rxe4 Rxc2+ 45. Kh3 fxe6 46. Rf4+ Ke8 47. Qg8+ Kd7 48. Rf7+ Kc6 49. Rxc7+ Kxc7 50. Qxe6 b4 51. Qe5+ Kd8 52. Qb8+ Kd7 53. Qb7+ Kd8 54. Qb8+ Kd7 55. Qxb4 Bc6 56. g4 Bg2+ 57. Kg3 hxg4 58. Qa4+ 1-0


[Site "https://www.chess.com"]

[Event "Titled Tuesday Blitz August 02 Early 2022"]
[White "Bryakin, Mikhail"]
[Black "Mathieu, Phileas"]
[WhiteFideId "4165314"]
[BlackFideId "36048410"]
[WhiteElo "2422"]
[BlackElo "2138"]
[Result "1-0"]
[Round "03"]
[TimeControl "180+1"]
[Date "2022.08.02"]
[WhiteClock "0:00:13"]
[BlackClock "0:00:02"]

1. e4 c5 2. d4 cxd4 3. Qxd4 Nc6 4. Qd3 Nf6 5. Nc3 d6 6. Nf3 g6 7. Be2 Bg7 8. O-O O-O 9. Nd5 Bg4 10. c3 Rc8 11. Bg5 Bxf3 12. Qxf3 Ne5 13. Qe3 Nxd5 14. exd5 f6 15. Bf4 b6 16. a4 Qd7 17. Rfd1 Nc4 18. Bxc4 Rxc4 19. b3 Rc7 20. c4 g5 21. Bg3 h6 22. Ra2 f5 23. f4 g4 24. Re2 Bf6 25. Be1 Rb8 26. Bc3 Bxc3 27. Qxc3 b5 28. Re6 Kh7 29. Qg3 bxc4 30. Qh4 Qxe6 31. dxe6 cxb3 32. Qh5 Rf8 33. Rb1 Rb7 34. Qh4 b2 35. Qf2 Rc8 36. Qd2 Rcb8 37. Qc2 Kg6 38. h3 h5 39. hxg4 hxg4 40. Kf2 Kf6 41. a5 Kxe6 42. a6 Rb4 43. Qc7 R8b5 44. Qxa7 Rxf4+ 45. Kg3 Re4 46. Qa8 1-0


[Site "https://www.chess.com"]

[Event "Titled Tuesday Blitz August 02 Early 2022"]
[White "Chigaev, Maksim"]
[Black "Domingo Nunez, Ruben"]
[WhiteFideId "4108116"]
[BlackFideId "22245570"]
[WhiteElo "2438"]
[BlackElo "2373"]
[Result "1-0"]
[Round "03"]
[TimeControl "180+1"]
[Date "2022.08.02"]
[WhiteClock "0:00:09"]
[BlackClock "0:00:07"]

1. Nf3 g6 2. g3 Bg7 3. Bg2 Nf6 4. O-O O-O 5. d3 c5 6. e4 Nc6 7. Re1 Ne8 8. a4 e5 9. Na3 d6 10. Nc4 Nc7 11. c3 Bg4 12. h3 Be6 13. Nfd2 a6 14. a5 f5 15. exf5 Bxf5 16. Qb3 d5 17. Qxb7 Bd7 18. Nb6 Rb8 19. Bxd5+ Kh8 20. Qxc6 Bxc6 21. Bxc6 Qxd3 22. Be4 Qd6 23. Ndc4 Qe6 24. Kg2 Ne8 25. Bg5 h6 26. Be3 Nf6 27. Bxg6 e4 28. Bf4 Rbd8 29. Be5 Ng4 30. Bxg7+ Kxg7 31. Rxe4 Qc6 32. hxg4 Rde8 33. Re1 Kxg6 34. f3 Rxe4 35. Rxe4 Qb5 36. Re6+ Kg7 37. Re2 Qb3 38. Rf2 Qd1 39. Ne3 Qe1 40. Nf5+ Kh7 41. Nc4 Rd8 42. Nce3 Rd2 43. Rxd2 Qxd2+ 44. Kh3 Qxb2 45. f4 Qxc3 46. Kh4 Qf6+ 47. g5 hxg5+ 48. fxg5 Qg6 49. g4 Qe6 50. Ng2 c4 51. Nf4 Qe5 52. g6+ Kg8 53. Nh5 Qh2+ 54. Kg5 Qd2+ 55. Kf6 Qd8+ 56. Ke6 c3 57. Nf6+ Qxf6+ 58. Kxf6 c2 59. g7 c1=Q 60. Ne7+ Kh7 61. g8=Q+ Kh6 62. Qg6# 1-0


[Site "https://www.chess.com"]